 Dungeon Crawl Stone Soup version 0.18.1-50-g88ac8fd (webtiles) character file.

9501 Ruokin the Blocker (level 11, -15/87 HPs)
             Began as a Human Fighter on Oct 16, 2016.
             Was an Elder of the Shining One.
             Demolished by a komodo dragon (18 damage)
             ... on level 1 of the Lair of Beasts.
             The game lasted 01:00:09 (10538 turns).

Ruokin the Blocker (Human Fighter)                 Turns: 10538, Time: 01:00:10

Health: -15/87     AC: 19    Str: 20    XL:     11   Next: 75%
Magic:  0/13       EV:  9    Int:  9    God:    the Shining One [****..]
Gold:   363        SH: 11    Dex: 12    Spells: 0 memorised, 10 levels left

rFire  + . .     SeeInvis .     e - +3 long sword
rCold  . . .     Gourm    .     t - +5 chain mail {rF+}
rNeg   + + .     Faith    .     c - +0 shield
rPois  +         Spirit   +     D - +0 helmet
rElec  .         Dismiss  .     w - +0 cloak {MR+}
rCorr  .         Reflect  .     (no gloves)
SustAt .         Harm     .     o - +0 pair of boots
MR     ++...                    H - amulet of guardian spirit
Stlth  ..........               Z - ring of poison resistance
                                B - ring of protection from magic

@: glowing, very resistant to hostile enchantments, extremely unstealthy
A: sturdy frame 1
a: Divine Shield, Cleansing Flame, Renounce Religion


You were on level 1 of the Lair of Beasts.
You worshipped the Shining One.
The Shining One was greatly pleased with you.
You were near starving.

You visited 2 branches of the dungeon, and saw 10 of its levels.
You also visited: Ossuary.

You collected 402 gold pieces.
You spent 39 gold pieces at shops.

Inventory:

Hand Weapons
 a - a +1 long sword
 e - a +3 long sword (weapon)
 m - a +3 great sword
Armour
 c - a +0 shield (worn)
 o - a +0 pair of boots (worn)
 t - a +5 chain mail of fire resistance (worn)
 w - a +0 cloak of magic resistance (worn)
 D - a +0 helmet (worn)
Magical Staves
 y - an uncursed staff of death {unknown}
Jewellery
 B - a ring of protection from magic (left hand)
 H - an amulet of guardian spirit (around neck)
 Z - a ring of poison resistance (right hand)
Wands
 q - a wand of disintegration (12/24)
 r - a wand of confusion (19/48)
 v - a wand of polymorph (12/24)
 L - a wand of acid (4/15)
Scrolls
 h - 2 scrolls of amnesia
 k - a scroll of fog {unknown}
 l - 4 scrolls of teleportation
 n - a scroll of immolation {unknown}
 s - 3 scrolls of recharging
 u - a scroll of noise {unknown}
 x - 2 scrolls of identify
 C - a scroll of fear {unknown}
 O - a scroll of random uselessness
 Q - 3 scrolls of remove curse
 R - a scroll of vulnerability {unknown}
 V - 2 scrolls of magic mapping
Potions
 d - 2 potions of lignification
 g - 4 potions of berserk rage {unknown}
 i - 2 potions of agility
 j - a potion of cancellation {unknown}
 p - a potion of beneficial mutation
 E - 3 potions of flight
 F - a potion of brilliance {unknown}
 G - a potion of invisibility {unknown}
 I - 2 potions of haste {unknown}
 K - 3 potions of mutation {unknown}
Books
 S - Paesm's Handbook of Calling and Execration
   (You found it on level 5 of the Dungeon)

   Spells                             Type                      Level
   a - Confusing Touch                Hexes                        2
   b - Call Imp                       Summoning                    2
   c - Metabolic Englaciation         Hexes/Ice                    5
 X - a book of Annihilations

   Spells                             Type                      Level
   a - Poison Arrow                   Conjuration/Poison           6
   b - Chain Lightning                Conjuration/Air              8
   c - Lehudib's Crystal Spear        Conjuration/Earth            8
   d - Glaciate                       Conjuration/Ice              9
   e - Fire Storm                     Conjuration/Fire             9
 Y - a book of Burglary

   Spells                             Type                      Level
   a - Swiftness                      Charms/Air                   2
   b - Passwall                       Transmutation/Earth          2
   c - Passage of Golubria            Translocation                4
   d - Lee's Rapid Deconstruction     Earth                        5
   e - Darkness                       Hexes                        6
   f - Invisibility                   Hexes                        6
Comestibles
 b - 2 slices of pizza
 f - 6 bread rations
 z - 18 royal jellies
 A - 2 meat rations
 W - 3 beef jerkies


   Skills:
 + Level 8.3 Fighting
 + Level 9.5 Long Blades
 + Level 7.7 Armour
 + Level 4.6 Dodging
 + Level 1.9 Stealth
 + Level 9.6 Shields
 + Level 2.9 Invocations
 + Level 0.2 Evocations


You had 10 spell levels left.
You didn't know any spells.

Dungeon Overview and Level Annotations

Branches:
Dungeon (9/15)             Temple (0/1) D:4            Lair (1/8) D:9
    Orc: D:9-12

Altars:
Cheibriados
Dithmenos
Elyvilon
Kikubaaqudgha
Makhleb
Nemelex Xobeh
Pakellas
Ru
Vehumet
Xom
Yredelemnul
Zin
The Shining One

Shops:
D:4 !   D:7 [?*   D:8 *


Innate Abilities, Weirdness & Mutations

Your movements are slightly less encumbered by armour (ER -2).


Message History

You hit the komodo dragon.
The komodo dragon is lightly wounded.
You block the komodo dragon's attack.
You closely miss the komodo dragon.
The komodo dragon is lightly wounded.
The komodo dragon bites you!!
* * * LOW HITPOINT WARNING * * *
Drink which item? (? for menu, Esc to quit)
Okay, then.
Unknown command.
Unknown command.
The komodo dragon bites you!
* * * LOW HITPOINT WARNING * * *
Zapping:
r - a wand of confusion (will waste charges)
Press: ? - help, Shift-Dir - straight line, f - komodo dragon
Aim: a komodo dragon (lightly wounded, haloed, chance to defeat MR: 28%)
The komodo dragon easily resists.
Evoking this partially-identified wand wasted a few charges.
The komodo dragon bites you!!
You die...

..# ...# ###..>. P#....#
###########.....#.
##...#...##........
#P...#(...........#
..#....P...#l#..#....
...........@...#..... .
.................... ...#
#...........##.##... # ...#.
......#...###.......#.
.....##..........##.........
......÷.....#..........#..#
.......<.÷..#.......###..#
...........####......#..#
..##....÷....#...........#


You could see a komodo dragon.

Vanquished Creatures
  Erica (D:8)
  Pikel (D:8)
  An ugly thing (D:8)
  A cyclops (D:8)
  Joseph (D:8)
  A komodo dragon (Lair:1)
  A queen bee (D:9)
  Prince Ribbit (D:8)
  Sigmund (D:2)
  2 steam dragons (D:6)
  2 hungry ghosts (D:9)
  Menkaure (D:4)
  4 hippogriffs
  3 water moccasins (Lair:1)
  An orc warrior (D:7)
  4 ice beasts
  2 necrophages
  2 ogres
  4 centaurs
  2 crocodiles
  5 giant frogs
  2 elf skeletons (D:4)
  12 scorpions
  25 killer bees
  8 wights
  2 howler monkeys
  2 centaur zombies
  3 crimson imps
  A quasit (D:7)
  2 orc priests
  5 hounds
  Crazy Yiuf (D:2)
  A giant frog skeleton (D:5)
  3 human zombies (Ossuary)
  Terence (D:2)
  7 orc wizards
  A human skeleton (D:4)
  3 worker ants
  2 sheep (D:8)
  A hound zombie (D:9)
  2 mummies (Ossuary)
  Robin (D:3)
  4 gnolls (D:7)
  4 scorpion zombies (Ossuary)
  7 adders
  5 river rats (Lair:1)
  A shadow imp (D:5)
  An ooze (D:2)
  An adder skeleton (D:7)
  An adder zombie (D:5)
  4 dart slugs
  9 giant geckos
  26 orcs
  5 bats
  5 giant cockroaches
  A gnoll zombie (Ossuary)
  15 goblins
  8 hobgoblins
  14 jackals
  2 kobolds
  A quokka (D:3)
  4 ball pythons
  5 giant newts
  A goblin zombie (Ossuary)
  2 hobgoblin zombies (Ossuary)
  A jackal zombie (D:8)
  A kobold zombie (Ossuary)
  3 orc skeletons (D:4)
  2 orc zombies (Ossuary)
  8 rats
267 creatures vanquished.

Vanquished Creatures (others)
  A slave (D:8)
  A mummy (Ossuary)
  An orc (D:8)
  A fungus (D:6)
4 creatures vanquished.

Grand Total: 271 creatures vanquished

Notes
Turn   | Place    | Note
--------------------------------------------------------------
     0 | D:1      | Ruokin the Human Fighter began the quest for the Orb.
     0 | D:1      | Reached XP level 1. HP: 18/18 MP: 1/1
    37 | D:1      | Reached XP level 2. HP: 17/24 MP: 2/2
   245 | D:1      | Found a glowing golden altar of the Shining One.
   308 | D:1      | Became a worshipper of the Shining One
   333 | D:1      | Reached XP level 3. HP: 24/29 MP: 3/3
   623 | D:2      | You fall through a shaft!
   648 | D:3      | Noticed Robin
   679 | D:3      | Reached XP level 4. HP: 29/35 MP: 4/4
   690 | D:3      | Killed Robin
   816 | D:2      | Noticed Terence
   826 | D:2      | Killed Terence
   826 | D:2      | Reached XP level 5. HP: 38/41 MP: 5/5
   829 | D:2      | Noticed Sigmund
   838 | D:2      | Killed Sigmund
   838 | D:2      | Reached skill level 1 in Dodging
   838 | D:2      | Reached XP level 6. HP: 37/48 MP: 6/6
  1144 | D:2      | Found a basalt altar of Yredelemnul.
  1146 | D:2      | Noticed a profane servitor
  1160 | D:2      | Found a glowing golden altar of the Shining One.
  1163 | D:2      | Noticed an angel
  1262 | D:2      | Found a sacrificial altar of Ru.
  1264 | D:2      | Reached * piety under the Shining One
  1499 | D:2      | Noticed Crazy Yiuf
  1504 | D:2      | Killed Crazy Yiuf
  1854 | D:3      | Found a faded altar to an unknown god.
  2258 | D:4      | Reached XP level 7. HP: 50/54 MP: 7/7
  2416 | D:4      | Found a sand-covered staircase.
  2497 | Ossuary  | Entered an ossuary
  2617 | Ossuary  | Reached ** piety under the Shining One
  2644 | Ossuary  | Reached skill level 5 in Shields
  2833 | Ossuary  | Reached XP level 8. HP: 58/61 MP: 8/8
  3074 | Ossuary  | Reached skill level 5 in Armour
  3209 | Ossuary  | Reached skill level 5 in Fighting
  3209 | Ossuary  | Reached skill level 5 in Long Blades
  3376 | D:4      | Reached *** piety under the Shining One
  3395 | D:4      | Found a staircase to the Ecumenical Temple.
  3518 | D:4      | Found Elaumy's Distillery.
  3556 | D:4      | Found an ancient bone altar of Kikubaaqudgha.
  3571 | D:4      | Found a snail-covered altar of Cheibriados.
  3604 | D:4      | Found an oddly glowing altar of Pakellas.
  3768 | D:4      | Found a radiant altar of Vehumet.
  3769 | D:4      | Found a white marble altar of Elyvilon.
  3951 | D:4      | Noticed Menkaure
  3959 | D:4      | Killed Menkaure
  3959 | D:4      | Reached XP level 9. HP: 31/69 MP: 9/9
  4273 | D:5      | Entered Level 5 of the Dungeon
  4282 | D:5      | Found a shadowy altar of Dithmenos.
  4605 | D:5      | Found a shimmering altar of Xom.
  5094 | D:5      | Identified Paesm's Handbook of Calling and Execration
  5842 | D:6      | Got a jewelled flail
  6174 | D:6      | Reached XP level 10. HP: 77/77 MP: 10/10
  6476 | D:7      | Reached **** piety under the Shining One
  6514 | D:7      | Found Vihyetug's General Store.
  7013 | D:7      | Found Wouroym's Magic Scroll Emporium.
  7223 | D:7      | Found Birirch's Armour Boutique.
  7298 | D:8      | Found Qutimaf's General Store.
  7306 | D:8      | Bought a potion of curing for 39 gold pieces
  7402 | D:8      | Noticed a cyan ugly thing
  7404 | D:8      | Noticed Joseph
  7405 | D:8      | Noticed Erica
  7661 | D:7      | Gained mutation: Your movements are slightly less encumbered by armour (ER -2). [potion of beneficial mutation]
  7694 | D:8      | Killed Erica
  7694 | D:8      | Reached skill level 1 in Stealth
  7694 | D:8      | Reached skill level 1 in Invocations
  7703 | D:8      | Killed a cyan ugly thing
  7717 | D:8      | Killed Joseph
  7749 | D:8      | Noticed a cyclops
  7897 | D:8      | Killed a cyclops
  7897 | D:8      | Reached XP level 11. HP: 35/84 MP: 9/12
  8136 | D:8      | Noticed Pikel
  8160 | D:8      | Killed Pikel
  8378 | D:8      | Noticed Prince Ribbit
  8389 | D:8      | Killed Prince Ribbit
  9614 | D:9      | Found a sparkling altar of Nemelex Xobeh.
  9780 | D:9      | Found a staircase to the Lair.
 10153 | D:9      | Found a burning altar of Makhleb.
 10157 | D:9      | Noticed a blizzard demon
 10158 | D:9      | Found a glowing silver altar of Zin.
 10158 | D:9      | Noticed an angel
 10255 | Lair:1   | Entered Level 1 of the Lair of Beasts
 10535 | Lair:1   | HP: 2/87 [komodo dragon (8)]
 10538 | Lair:1   | Demolished by a komodo dragon

Skill      XL: |  1  2  3  4  5  6  7  8  9 10 11 |
---------------+----------------------------------+-----
Fighting       | 4 5 6 7 8 |  8.3
Long Blades    | 3 4 5 7 8 9 |  9.5
Armour         | 4 5 6 7 |  7.7
Dodging        | 1 2 3 4 |  4.6
Shields        | 4 5 7 8 9 |  9.6
Stealth        | 1 |  1.9
Invocations    | 2 |  2.9
Evocations     | |  0.2

Action                   |  1- 3 |  4- 6 |  7- 9 | 10-12 || total
-------------------------+-------+-------+-------+-------++-------
Melee: Long sword        |    84 |   100 |   399 |   599 ||  1182
Invok: Divine Shield     |       |       |       |    10 ||    10
       Cleansing Flame   |       |       |       |     1 ||     1
Evoke: Wand              |       |       |       |     3 ||     3
       Deck              |       |       |       |     1 ||     1
  Use: Scroll            |     2 |     3 |     9 |    11 ||    25
       Potion            |     1 |     2 |     4 |     7 ||    14
  Eat: Bread ration      |       |     1 |     2 |     4 ||     7
       Meat ration       |       |       |     1 |       ||     1
Armor: Scale mail        |    37 |    14 |       |       ||    51
       Plate armour      |       |    15 |       |       ||    15
       Chain mail        |       |    19 |   199 |   281 ||   499
Dodge: Dodged            |    24 |    26 |    83 |   170 ||   303
Block: Shield            |    36 |    69 |   179 |   462 ||   746
